 Dungeon Crawl Stone Soup version 0.31.0-32-g396128a36d (webtiles) character file.

Game seed: 9869375308773693552

182 Alphaeus the Ruffian (level 5, -1/49 HPs)
             Began as a Troll Shapeshifter on Mar 20, 2024.
             Incinerated by a bombardier beetle (4 damage)
             ... with a burning spray
             ... on level 4 of the Dungeon.
             The game lasted 00:01:39 (1111 turns).

Alphaeus the Ruffian (Troll Shapeshifter)           Turns: 1111, Time: 00:01:40

Health: -1/49      AC:  4    Str: 24    XL:     5   Next: 35%
Magic:  4/4        EV:  9    Int:  6    God:
Gold:   83         SH:  0    Dex:  9    Spells: 4/4 levels left

rFire   . .          .
                       - Unarmed
rCold   . . .        (no shield)
rNeg    . . .        a - +0 animal skin
rPois   .            (helmet currently unavailable)
rElec   .            (cloak currently unavailable)
rCorr   .            (gloves unavailable)
SInv    .            (boots unavailable)
Will    .....        (no amulet)
Stlth   +            (no ring)
HPRegen 1.08/turn    (no ring)
MPRegen 0.09/turn

%: no passive effects
@: on fire, beast-form, glowing
A: beast (slay +2), large, unfitting armour, claws 3, regeneration 1, shaggy fur
1, tough skin 1
a: Begin Untransformation


You were on level 4 of the Dungeon.
You were a hulking beast.
You visited 1 branch of the dungeon, and saw 3 of its levels.

You collected 83 gold pieces.

Inventory:

Armour
 a - a +0 animal skin (worn)
Talismans
 c - a beast talisman
 d - a flux talisman
Scrolls
 e - a scroll of identify {unknown}
 k - a scroll of noise {unknown}
 l - a scroll of teleportation {unknown}
Potions
 b - 2 potions of lignification
 f - 2 potions of cancellation {unknown}
 g - 3 potions of haste {unknown}
 h - a potion of might {unknown}
 i - 3 potions of curing {unknown}
 j - a potion of degeneration {unknown}


   Skills:
 + Level 2.0 Fighting
 - Level 1.5 Dodging
 * Level 4.4 Unarmed Combat
 * Level 4.2 Shapeshifting


You had 4 spell levels left.
You didn't know any spells.
Your spell library was empty.

Dungeon Overview and Level Annotations

Branches:
Dungeon (2/15)

Altars:


Innate Abilities, Weirdness & Mutations

You are a hulking beast.
Your limbs bulge with bestial killing power. (Slay +2)
You are too large for most types of armour.
You have claws for hands.
Your natural rate of healing is unusually fast.
You are covered in fur. (AC +1)
You have tough skin. (AC +1)


Message History

The liquid fire burns you!
The bombardier beetle sprays incendiary fluid at you.
The burning spray hits you.
You are even more covered in liquid fire!
You barely miss the kobold.
The kobold is severely wounded.
The liquid fire burns you! The kobold hits you but does no damage.
A scorpion comes into view.
You closely miss the kobold.
The kobold is severely wounded.
The liquid fire burns you! The kobold hits you with a +0 club.
* * * LOW HITPOINT WARNING * * *
The bombardier beetle sprays incendiary fluid at you.
The burning spray hits you.
You are even more covered in liquid fire!
You claw the kobold!
You kill the kobold!
The liquid fire burns you!
* * * LOW HITPOINT WARNING * * *
Found 7 gold pieces and a club.
You shake off some of the fire as you move.
The liquid fire burns you!
* * * LOW HITPOINT WARNING * * *
The scorpion stings you.
* * * LOW HITPOINT WARNING * * *
You see here a +0 spear.
Found a stone staircase leading down.
You shake off some of the fire as you move.
The liquid fire burns you!
* * * LOW HITPOINT WARNING * * *
The scorpion attacks as it pursues you!
The scorpion stings you but does no damage.
You shake off some of the fire as you move.
The liquid fire burns you!
* * * LOW HITPOINT WARNING * * *
You shake off some of the fire as you move.
The liquid fire burns you!
You die...

$). . ..#.# ..#.# ...> #.#
.#. ..# #
#####.###....#######..#.#
#...#.. ...............#..
#...#.# #.# #.h.s).B.....
#...#.####.#######)#.......
#.................)).#.....
#...#.#[.###...............
##.......####.###..........
##.##.........# #.#####....
##.##....###<.# #.# ....
##.##.........# #.# ..
...).....###..# #..


You could see a scorpion and a bombardier beetle.

Vanquished Creatures
  A scorpion (D:4)
  4 adders
  4 gnolls (D:4)
  A dart slug (D:1)
  An orc (D:4)
  A ball python (D:2)
  4 endoplasms
  A giant cockroach (D:2)
  4 goblins
  8 hobgoblins
  A quokka (D:4)
  7 bats
  5 frilled lizards
  5 kobolds
  5 rats
52 creatures vanquished.

Notes
Turn   | Place    | Note
-------+----------+-------------------------------------------
     0 | D:1      | Alphaeus the Troll Shapeshifter began the quest for the
                  | Orb.
     0 | D:1      | Reached XP level 1. HP: 18/18 MP: 0/0
   326 | D:1      | Reached skill level 1 in Fighting
   334 | D:1      | Reached XP level 2. HP: 27/27 MP: 1/1
   375 | D:1      | Found a faded altar of an unknown god.
   772 | D:2      | Reached XP level 3. HP: 33/33 MP: 2/2
   904 | D:2      | Reached XP level 4. HP: 41/41 MP: 3/3
  1010 | D:2      | You fall into a shaft and drop 2 floors!
  1014 | D:4      | Noticed a scorpion
  1022 | D:4      | Killed a scorpion
  1066 | D:4      | Reached XP level 5. HP: 49/49 MP: 4/4
  1110 | D:4      | HP: 2/49 [burnt (3)]
  1111 | D:4      | Incinerated by a bombardier beetle

Illustrated notes

Levels and vault maps discovered:
D:1:      tarquinn_simple_flora_water_a, layout_basic,
          hellmonk_ecumenical_altar_heavens_door, minmay_pentomino_t4
D:2:      layout_rooms
D:4:      layout_basic, nicolae_elyvilon_peaceful_grove, kennysheep_mini_moat,
          mainiacjoe_overflow_surrounded_room, serial_shops, shop,
          minmay_misc_feat_encased, kennysheep_generic_room_9

Skill      XL: |  1  2  3  4  5 |
---------------+----------------+-----
Fighting       | 1 2 |  2.0
Unarmed Combat | 4 |  4.4
Shapeshifting  | 4 |  4.2
Dodging        | |  1.5

Action                     |  1- 3 |  4- 6 || total
---------------------------+-------+-------++-------
  Melee: Unarmed           |    91 |    35 ||   126
         Punch             |       |     3 ||     3
   Stab: Sleeping          |     1 |       ||     1
 Armour: Animal skin       |    69 |    29 ||    98
  Dodge: Dodged            |    65 |     7 ||    72
